 Dungeon Crawl Stone Soup version 0.30.0-15-g856e2d3f33 (webtiles) character file.

Game seed: 16801345170874736153

115 qw the Chopper (level 5, 0/32 HPs)
             Began as a Gargoyle Cinder Acolyte on May 18, 2023.
             Was a High Priest of Ignis.
             Killed by divine providence
             ... invoked by an orc priest
              (17 damage)
             ... on level 3 of the Dungeon.
             The game lasted 00:01:20 (2048 turns).

qw the Chopper (Gargoyle Cinder Acolyte)            Turns: 2048, Time: 00:01:20

Health: 0/32       AC: 17    Str: 19    XL:     5   Next: 0%
Magic:  6/6        EV:  9    Int: 15    God:    Ignis [*****.]
Gold:   115        SH:  0    Dex:  5    Spells: 6/6 levels left

rFire   + . .        Y - +1 hand axe (flame)
rCold   . . .        (no shield)
rNeg    + . .        a - +0 scale mail
rPois   inf          (no helmet)
rElec   +            (no cloak)
rCorr   .            (no gloves)
SInv    .            (no boots)
Will    .....        (no amulet) Stlth
                     (no ring)
HPRegen 0.25/turn    (no ring)
MPRegen 0.10/turn

%: no passive effects
@: fiery-armoured
A: sickness immunity, AC +4, negative energy resistance 1, electricity
resistance, torment resistance 1, petrification resistance
a: Renounce Religion, Fiery Armour, Foxfire Swarm, Rising Flame


You were on level 3 of the Dungeon.
You worshipped Ignis.
Ignis was extremely pleased with you.
You visited 1 branch of the dungeon, and saw 3 of its levels.

You collected 115 gold pieces.


Innate Abilities, Weirdness & Mutations

You are immune to sickness and miasma.
Your stone body is resilient. (AC +4)
You are immune to poison.
You resist negative energy. (rN+)
You are resistant to electric shocks. (rElec)
You are resistant to unholy torment.
You are immune to petrification.


   Skills:
 - Level 3.2 Fighting
 + Level 4.8 Axes
 - Level 1.2 Armour
 - Level 1.0 Spellcasting
 - Level 3.0 Fire Magic


You had 6 spell levels left.
You didn't know any spells.
Your spell library contained the following spells:

 Spells                   Type           Power      Damage    Failure   Level
 Scorch                   Fire           18%        2d5       32%         2

Inventory:

Hand Weapons
 Y - a +1 hand axe of flaming (weapon)
Armour
 a - a +0 scale mail (worn)
 c - a +0 chain mail
Jewellery
 i - a ring of resist corrosion
Scrolls
 e - 4 scrolls of identify
Potions
 b - a potion of attraction {unknown}
 d - 2 potions of brilliance {unknown}
 f - a potion of heal wounds {unknown}
 g - a potion of curing {unknown}
 h - a potion of degeneration {unknown}
 j - a potion of mutation {unknown}

Dungeon Overview and Level Annotations

Branches:
Dungeon (3/15)

Altars:

Annotations:
D:2 1 runed translucent door, Crazy Yiuf


Message History

You closely miss the orc. The orc hits you but does no damage.
The orc hits you with a +0 short sword.
You barely miss the orc. The orc barely misses you.
You barely miss the orc.
An adder comes into view.
The orc hits you with a +0 short sword.
You hit the orc but do no damage. The orc barely misses you.
You closely miss the orc. The orc hits you but does no damage.
You hit the orc. You burn the orc.
The orc is moderately wounded.
The orc hits you with a +0 short sword.
You slash the orc! You burn the orc.
You kill the orc!
You barely miss the adder. The adder barely misses you.
You barely miss the adder. The adder bites you.
The adder bites you but does no damage.
2045 ||| INVOKING Fiery Armour.
A protective cloak of flame settles atop you.
The adder closely misses you.
You hit the adder. You burn the adder.
The adder is heavily wounded.
The adder bites you but does no damage.
The adder is burned by your cloak of flames.
You kill the adder!
You have reached level 5!
Something hits you but does no damage.
Deactivating autopickup; reactivate with Ctrl-A.
Autopickup is now on.
Lua error: [string "/dgldir/rcfiles/crawl-bot-0.30/qwlua.rc"]:3713: Cannot currently process new keys (there is pending input) Deactivating autopickup; reactivate with Ctrl-A.
You closely miss something. Something hits you but does no damage.
The orc priest invokes the aid of Beogh against you.
Beogh smites you!
Ouch! That really hurt!
You die...

#.# ..# ### o.# #.#
.o# #.## .o #..# #.
#..# #
#o######..####
~~#o)@..##.....#
~~~~~~~###.##.#...#
~~~~~~~~~#.##.#...#
~~~~~~~~~~.##.#...#
.##~~~~~~~~...#...#
##
###~~~~~~#..#...#
..>
....~~~~.......#
#### ###.#
########.%.....#
#...##...##
###....##....#


You could see an orc priest and an orc.

Vanquished Creatures
  Terence (D:2)
  4 adders
  A worm (D:2)
  An orc (D:3)
  4 endoplasms
  4 giant cockroaches
  3 goblins (D:1)
  4 hobgoblins
  2 quokkas
  8 ball pythons
  4 bats
  4 frilled lizards
  2 kobolds
  10 rats
52 creatures vanquished.

Notes
Turn   | Place    | Note
-------+----------+-------------------------------------------
     0 | D:1      | qw the Gargoyle Cinder Acolyte began the quest for the Orb.
     0 | D:1      | Reached XP level 1. HP: 14/14 MP: 2/2
     0 | D:1      | 0 ||| qw: Version: 0.2-a-95-gc95f03d
     0 | D:1      | 0 ||| qw: Game counter: 13
     0 | D:1      | 0 ||| qw: Always use a shield: true
     0 | D:1      | 0 ||| qw: God list: Okawaru
     0 | D:1      | 0 ||| qw: Allow faded altars: false
     0 | D:1      | 0 ||| qw: Do Orc after D:15 true
     0 | D:1      | 0 ||| qw: Do second Lair branch before Depths: true
     0 | D:1      | 0 ||| qw: Lair rune preference: random
     0 | D:1      | 0 ||| qw: Plans: Normal
     0 | D:1      | 0 ||| PLANNING D:1-11
   125 | D:1      | Reached skill level 3 in Axes
   189 | D:1      | Reached XP level 2. HP: 16/19 MP: 3/3
   289 | D:1      | 289 ||| INVOKING Fiery Armour.
   717 | D:1      | 717 ||| UPGRADING to +0 ring mail.
   727 | D:1      | 727 ||| DROPPING +0 robe.
   728 | D:1      | 728 ||| DROPPING +6 ring of intelligence.
   729 | D:1      | 729 ||| READING scroll labelled XUYR PALESO.
   757 | D:2      | 757 ||| STAIRDANCE
   770 | D:1      | 770 ||| INVOKING Fiery Armour.
   772 | D:1      | Reached XP level 3. HP: 10/23 MP: 4/4
   854 | D:2      | Noticed Terence
   871 | D:2      | Killed Terence
   872 | D:2      | Reached skill level 4 in Axes
   923 | D:2      | Reached skill level 1 in Armour
   923 | D:2      | Reached XP level 4. HP: 22/28 MP: 5/5
  1117 | D:2      | Found a runed translucent door.
  1118 | D:2      | Noticed Crazy Yiuf
  1239 | D:2      | 1239 ||| Stepping ~*~*~tactically~*~*~ (hiding).
  1833 | D:2      | 1833 ||| UPGRADING to +0 scale mail.
  1843 | D:2      | 1843 ||| DROPPING +0 ring mail.
  1844 | D:2      | 1844 ||| DROPPING ring of wizardry.
  1845 | D:2      | 1845 ||| READING scroll labelled YWEORA NAOMP.
  1846 | D:2      | 1846 ||| READING scroll labelled ILAEMI XORES.
  1847 | D:2      | 1847 ||| READING scroll labelled QEHUFFOYNAMN.
  1848 | D:2      | 1848 ||| READING scroll labelled ZUABBA EVEXAOH.
  1906 | D:3      | 1906 ||| READING scroll of enchant weapon.
  1906 | D:3      | 1906 ||| ENCHANTING +0 hand axe of flaming.
  2028 | D:3      | 2028 ||| Stepping ~*~*~tactically~*~*~ (hiding).
  2045 | D:3      | 2045 ||| INVOKING Fiery Armour.
  2047 | D:3      | Reached XP level 5. HP: 17/32 MP: 6/6
  2048 | D:3      | Killed from afar by an orc priest

Levels and vault maps discovered:
D:1:      lightli_arrival_flooded_house, layout_basic, serial_bayou_lagoon_a
D:2:      layout_basic, uniq_crazy_yiuf_cottage, uniq_terence
D:3:      wander_river, layout_rooms

Skill      XL: |  1  2  3 |
---------------+----------+-----
Axes           | 3 4 |  4.8
Armour         | 1 |  1.2
Fighting       | |  3.2
Spellcasting   | |  1.0
Fire Magic     | |  3.0

Action                     |  1- 3 |  4- 6 || total
---------------------------+-------+-------++-------
  Melee: Hand axe          |   147 |    90 ||   237
         Punch             |     3 |       ||     3
 Invoke: Fiery Armour      |     2 |     1 ||     3
    Use: Scroll            |     1 |     5 ||     6
 Armour: Robe              |    32 |       ||    32
         Ring mail         |    29 |    25 ||    54
         Scale mail        |       |    14 ||    14
  Dodge: Dodged            |    57 |    42 ||    99

Table legend:
 A = Non-vault XP
 B = Vault XP
 C = Vault XP percentage of total XP
 D = Non-vault monster count
 E = Vault monster count
 F = Vault count percentage of total count
                 A         B        C        D         E       F
            +---------+---------+-------+---------+---------+-------
      Total |     127 |      38 |  23.0 |      51 |       1 |   1.9
            +---------+---------+-------+---------+---------+-------
        D:1 |      34 |       0 |   0.0 |      24 |       0 |   0.0
        D:2 |      58 |      38 |  39.6 |      20 |       1 |   4.8
        D:3 |      35 |       0 |   0.0 |       7 |       0 |   0.0
            +---------+---------+-------+---------+---------+-------
